NCAA
IOWA HAWKEYES @ VIRGINIA TECH HOKIES
05/15/2025
 
TOP OF THE 1ST
Iowa Hawkeyes batting - Pitching for Virginia Tech Hokies : RHP Randy Hill
Pitching: RHP Randy Hill
Batting: RHB Gary Simmons 0-0: Called Strike
0-1: Ball
1-1: Fly out, F8 (Flyball, 8LM)
Batting: RHB Tad Greene 0-0: Called Strike
0-1: Ball
1-1: Ball
2-1: Ball
3-1: Foul Ball, location: 2F
3-2: Strikes out swinging
Batting: RHB Kelsey Scott 0-0: Ball
1-0: Foul Ball, location: 2F
1-1: Swinging Strike
1-2: Strikes out swinging
Top of the 1st over - 0 run(s), 0 hit(s), 0 error(s), 0 left on base; Iowa 0 - Virginia Tech 0
BOTTOM OF THE 1ST
Virginia Tech Hokies batting - Pitching for Iowa Hawkeyes : RHP Gabriel Castillo
Pitching: RHP Gabriel Castillo
Batting: RHB Doug Hunt 0-0: Ball
1-0: Swinging Strike
1-1: Ground out 6-3 (Groundball, 6M)
Batting: LHB John Eardley 0-0: Called Strike
0-1: Ball
1-1: Fly out, F5 (Popup, 56)
Batting: RHB Kenny Pruitt 0-0: SINGLE (Flyball, 89M)
Batting: LHB Juan Carlos Manuel 0-0: Called Strike
Kenny Pruitt steals 2nd base
0-1: Called Strike
0-2: Foul Ball, location: 2F
0-2: Foul Ball, location: 2F
0-2: Ball
1-2: Foul Ball, location: 2F
1-2: Foul Ball, location: 2F
1-2: Ball
2-2: Foul Ball, location: 2F
2-2: Ball
3-2: Strikes out looking
Bottom of the 1st over - 0 run(s), 1 hit(s), 0 error(s), 1 left on base; Iowa 0 - Virginia Tech 0
TOP OF THE 2ND
Iowa Hawkeyes batting - Pitching for Virginia Tech Hokies : RHP Randy Hill
Batting: RHB Rob Byrd 0-0: Called Strike
0-1: Foul Ball, location: 2F
0-2: Ball
1-2: Strikes out swinging
Batting: RHB Alexander Barr 0-0: Foul Ball, location: 2F
0-1: Ball
1-1: Called Strike
1-2: Ball
2-2: Foul Ball, location: 2F
2-2: Ball
3-2: Base on Balls
Batting: RHB Joe Brinkman 0-0: Foul Ball, location: 2F
0-1: Swinging Strike
0-2: Strikes out swinging
Batting: RHB Paul Dunn 0-0: Ball
1-0: Swinging Strike
1-1: Ball
2-1: Swinging Strike
2-2: Foul Ball, location: 2F
2-2: Strikes out swinging
Top of the 2nd over - 0 run(s), 0 hit(s), 0 error(s), 1 left on base; Iowa 0 - Virginia Tech 0
BOTTOM OF THE 2ND
Virginia Tech Hokies batting - Pitching for Iowa Hawkeyes : RHP Gabriel Castillo
Batting: RHB José Dávila 0-0: Foul Ball, location: 2F
0-1: Foul Ball, location: 2F
0-2: Ball
1-2: SINGLE (Groundball, 6M)
Batting: RHB George Martin 0-0: Ball
1-0: Called Strike
1-1: Called Strike
1-2: Strikes out swinging
Batting: LHB Nick Moss 0-0: Foul Ball, location: 2F
0-1: Called Strike
José Dávila steals 2nd base
0-2: Ball
1-2: Strikes out swinging
Batting: RHB Mark Gibson 0-0: Called Strike
0-1: Foul Ball, location: 2F
0-2: Ball
1-2: Strikes out swinging
Bottom of the 2nd over - 0 run(s), 1 hit(s), 0 error(s), 1 left on base; Iowa 0 - Virginia Tech 0
TOP OF THE 3RD
Iowa Hawkeyes batting - Pitching for Virginia Tech Hokies : RHP Randy Hill
Batting: SHB Travis Martin 0-0: Ball
1-0: Ball
2-0: Foul Ball, location: 2F
2-1: Ball
3-1: Called Strike
3-2: Strikes out swinging
Batting: RHB Vincent Powers 0-0: Ball
1-0: Reached on error, E6 (Groundball, 6)
Batting: RHB Gary Simmons 0-0: Foul Ball, location: 2F
0-1: Called Strike
0-2: Ball
1-2: Foul Ball, location: 2F
1-2: Strikes out swinging
Batting: RHB Tad Greene 0-0: Foul Ball, location: 2F
0-1: Called Strike
0-2: Fly out, F3 (Popup, 23F)
Top of the 3rd over - 0 run(s), 0 hit(s), 1 error(s), 1 left on base; Iowa 0 - Virginia Tech 0
BOTTOM OF THE 3RD
Virginia Tech Hokies batting - Pitching for Iowa Hawkeyes : RHP Gabriel Castillo
Batting: RHB Juan Ventura 0-0: Ball
1-0: Ball
2-0: Foul Ball, location: 2F
2-1: Foul Ball, location: 2F
2-2: Ball
3-2: Foul Ball, location: 2F
3-2: Strikes out looking
Batting: RHB Doug Hunt 0-0: Ball
1-0: Fly out, F4 (Popup, 6MD)
Batting: LHB John Eardley 0-0: Fly out, F7 (Flyball, 7LD)
Bottom of the 3rd over - 0 run(s), 0 hit(s), 0 error(s), 0 left on base; Iowa 0 - Virginia Tech 0
TOP OF THE 4TH
Iowa Hawkeyes batting - Pitching for Virginia Tech Hokies : RHP Randy Hill
Batting: RHB Kelsey Scott 0-0: Foul Ball, location: 2F
0-1: Ball
1-1: Fly out, F8 (Flyball, 8LS)
Batting: RHB Rob Byrd 0-0: Fly out, F6 (Popup, 5D)
Batting: RHB Alexander Barr 0-0: Ball
1-0: Swinging Strike
1-1: Ball
2-1: Foul Ball, location: 2F
2-2: SOLO HOME RUN (Flyball, 89XD), Distance : 368 ft
Batting: RHB Joe Brinkman 0-0: Ground out U3 (Groundball, 3)
Top of the 4th over - 1 run(s), 1 hit(s), 0 error(s), 0 left on base; Iowa 1 - Virginia Tech 0
BOTTOM OF THE 4TH
Virginia Tech Hokies batting - Pitching for Iowa Hawkeyes : RHP Gabriel Castillo
Batting: RHB Kenny Pruitt 0-0: Ball
1-0: Ball
2-0: Called Strike
2-1: Ball
3-1: Base on Balls
Batting: LHB Juan Carlos Manuel 0-0: Ball
1-0: Called Strike
1-1: Ball
2-1: Ball
3-1: Called Strike
3-2: Foul Ball, location: 2F
3-2: Foul Ball, location: 2F
3-2: Foul Ball, location: 2F
3-2: Foul Ball, location: 2F
3-2: Strikes out looking
Kenny Pruitt steals 2nd base
Batter strikes out.
Batting: RHB José Dávila 0-0: Called Strike
0-1: Ground out 5-3 (Groundball, 6)
Batting: RHB George Martin 0-0: Called Strike
0-1: Ball
1-1: Foul Ball, location: 2F
1-2: Ball
2-2: Ball
3-2: DOUBLE (Line Drive, 7LS)
Kenny Pruitt scores
Batting: LHB Nick Moss 0-0: Called Strike
0-1: Ball
1-1: Ball
2-1: Called Strike
2-2: Ground out 3-1 (Groundball, 34)
Bottom of the 4th over - 1 run(s), 1 hit(s), 0 error(s), 1 left on base; Iowa 1 - Virginia Tech 1
TOP OF THE 5TH
Iowa Hawkeyes batting - Pitching for Virginia Tech Hokies : RHP Randy Hill
Batting: RHB Paul Dunn 0-0: Called Strike
0-1: Ball
1-1: Ball
2-1: Fly out, F8 (Line Drive, 8LM)
Batting: SHB Travis Martin 0-0: Ball
1-0: Ground out 1-3 (Groundball, 23)
Batting: RHB Vincent Powers 0-0: SINGLE (Groundball, 5L)
Batting: RHB Gary Simmons 0-0: Swinging Strike
0-1: Called Strike
0-2: Ball
1-2: Ball
2-2: Strikes out swinging
Top of the 5th over - 0 run(s), 1 hit(s), 0 error(s), 1 left on base; Iowa 1 - Virginia Tech 1
BOTTOM OF THE 5TH
Virginia Tech Hokies batting - Pitching for Iowa Hawkeyes : RHP Gabriel Castillo
Batting: RHB Mark Gibson 0-0: Ball
1-0: Fly out, F3 (Popup, 3F)
Batting: RHB Juan Ventura 0-0: Swinging Strike
0-1: Ball
1-1: Called Strike
1-2: Ball
2-2: Strikes out looking
Batting: RHB Doug Hunt 0-0: Ball
1-0: Foul Ball, location: 2F
1-1: Foul Ball, location: 2F
1-2: Ball
2-2: Ball
3-2: Base on Balls
Pitching: RHP Eduardo Morales
Batting: LHB John Eardley 0-0: Ball
Doug Hunt steals 2nd base
1-0: Called Strike
1-1: Fly out, F8 (Popup, 4MD)
Bottom of the 5th over - 0 run(s), 0 hit(s), 0 error(s), 1 left on base; Iowa 1 - Virginia Tech 1
TOP OF THE 6TH
Iowa Hawkeyes batting - Pitching for Virginia Tech Hokies : RHP Randy Hill
Batting: RHB Tad Greene 0-0: Foul Ball, location: 2F
0-1: Swinging Strike
0-2: Foul Ball, location: 2F
0-2: Strikes out swinging
Batting: RHB Kelsey Scott 0-0: Ground out 6-3 (Groundball, 6M)
Batting: RHB Rob Byrd 0-0: Called Strike
0-1: Ball
1-1: Ball
2-1: Ball
3-1: Base on Balls
Pitching: RHP Markus Flanagan
Batting: RHB Alexander Barr 0-0: Foul Ball, location: 2F
0-1: Swinging Strike
0-2: Ball
1-2: Ground out 6-3 (Groundball, 6)
Top of the 6th over - 0 run(s), 0 hit(s), 0 error(s), 1 left on base; Iowa 1 - Virginia Tech 1
BOTTOM OF THE 6TH
Virginia Tech Hokies batting - Pitching for Iowa Hawkeyes : RHP Eduardo Morales
Batting: RHB Kenny Pruitt 0-0: Swinging Strike
0-1: Ball
1-1: Swinging Strike
1-2: Ground out 5-3 (Groundball, 56S)
Batting: LHB Juan Carlos Manuel 0-0: Called Strike
0-1: DOUBLE (Line Drive, 4D)
Batting: RHB José Dávila 0-0: Ball
1-0: Ball
2-0: Ball
3-0: Called Strike
3-1: Base on Balls
Batting: RHB George Martin 0-0: Ball
1-0: Ball
2-0: Reached on error, E6 (Groundball, 6)
Juan Carlos Manuel to third
José Dávila to second
Batting: LHB Nick Moss 0-0: Ball
1-0: SINGLE (Line Drive, 56D)
Juan Carlos Manuel scores
José Dávila to third
George Martin to second
Batting: RHB Mark Gibson 0-0: Swinging Strike
0-1: Ball
1-1: Swinging Strike
1-2: Foul Ball, location: 2F
1-2: Ball
2-2: Strikes out swinging
Batting: RHB Juan Ventura 0-0: Called Strike
0-1: Ball
1-1: Swinging Strike
1-2: Fly out, F9 (Flyball, 9LMF)
Bottom of the 6th over - 1 run(s), 2 hit(s), 1 error(s), 3 left on base; Iowa 1 - Virginia Tech 2
TOP OF THE 7TH
Iowa Hawkeyes batting - Pitching for Virginia Tech Hokies : RHP Markus Flanagan
Batting: RHB Joe Brinkman 0-0: Ball
1-0: Swinging Strike
1-1: Ground out 6-3 (Groundball, 6M)
Batting: RHB Paul Dunn 0-0: Ball
1-0: SOLO HOME RUN (Flyball, 78XD), Distance : 390 ft
Batting: SHB Travis Martin 0-0: SINGLE (Groundball, 34D)
Batting: RHB Vincent Powers 0-0: Ball
1-0: Ball
2-0: Swinging Strike
2-1: Ball
3-1: Base on Balls
Travis Martin to second
Batting: RHB Gary Simmons 0-0: Grounds into double play, 6-4-3 (Groundball, 6)
Top of the 7th over - 1 run(s), 2 hit(s), 0 error(s), 1 left on base; Iowa 2 - Virginia Tech 2
BOTTOM OF THE 7TH
Virginia Tech Hokies batting - Pitching for Iowa Hawkeyes : RHP Eduardo Morales
Batting: RHB Doug Hunt 0-0: Called Strike
0-1: Foul Ball, location: 2F
0-2: Strikes out swinging
Batting: LHB John Eardley 0-0: Called Strike
0-1: Hit by Pitch
Batting: RHB Kenny Pruitt 0-0: Called Strike
0-1: Swinging Strike
0-2: Strikes out swinging
Batting: LHB Juan Carlos Manuel 0-0: Ball
1-0: Ball
2-0: Fly out, F9 (Flyball, 89M)
Bottom of the 7th over - 0 run(s), 0 hit(s), 0 error(s), 1 left on base; Iowa 2 - Virginia Tech 2
TOP OF THE 8TH
Iowa Hawkeyes batting - Pitching for Virginia Tech Hokies : RHP Markus Flanagan
Batting: RHB Tad Greene 0-0: Called Strike
0-1: Foul Ball, location: 2F
0-2: Ball
1-2: Foul Ball, location: 2F
1-2: Strikes out looking
Batting: RHB Kelsey Scott 0-0: Ball
1-0: Foul Ball, location: 2F
1-1: Foul Ball, location: 2F
1-2: Ball
2-2: Ball
3-2: Base on Balls
Batting: RHB Rob Byrd 0-0: Ball
1-0: Ball
2-0: Ball
3-0: Base on Balls
Kelsey Scott to second
Batting: RHB Alexander Barr 0-0: Foul Ball, location: 2F
0-1: Ball
1-1: Called Strike
1-2: Strikes out swinging
Batting: RHB Joe Brinkman 0-0: Ball
1-0: Called Strike
1-1: Foul Ball, location: 2F
1-2: Ball
2-2: Ball
3-2: Fly out, F7 (Flyball, 7M)
Top of the 8th over - 0 run(s), 0 hit(s), 0 error(s), 2 left on base; Iowa 2 - Virginia Tech 2
BOTTOM OF THE 8TH
Virginia Tech Hokies batting - Pitching for Iowa Hawkeyes : RHP Eduardo Morales
Pitching: RHP Tom Wilson
Batting: RHB José Dávila 0-0: Fly out, F9 (Flyball, 89M)
Batting: RHB George Martin 0-0: Ground out 5-3 (Groundball, 5S)
Batting: LHB Nick Moss 0-0: Called Strike
0-1: Ball
1-1: Ball
2-1: Swinging Strike
2-2: Ball
3-2: Foul Ball, location: 2F
3-2: Strikes out looking
Bottom of the 8th over - 0 run(s), 0 hit(s), 0 error(s), 0 left on base; Iowa 2 - Virginia Tech 2
TOP OF THE 9TH
Iowa Hawkeyes batting - Pitching for Virginia Tech Hokies : RHP Markus Flanagan
Pitching: LHP John Judson
Batting: RHB Paul Dunn 0-0: Ball
1-0: SINGLE (Groundball, 56D)
Batting: SHB Travis Martin 0-0: Ball
1-0: Swinging Strike
1-1: Bunted foul
1-2: Ball
2-2: Foul Ball, location: 2F
2-2: Ball
3-2: SINGLE (Groundball, 56D)
Paul Dunn to second
Batting: RHB Vincent Powers 0-0: Ball
1-0: Called Strike
1-1: Foul Ball, location: 2F
1-2: Foul Ball, location: 2F
1-2: Strikes out swinging
Batting: RHB Gary Simmons 0-0: Grounds into double play, 2-6-3 (Groundball, 2R)
Top of the 9th over - 0 run(s), 2 hit(s), 0 error(s), 1 left on base; Iowa 2 - Virginia Tech 2
BOTTOM OF THE 9TH
Virginia Tech Hokies batting - Pitching for Iowa Hawkeyes : RHP Tom Wilson
Pitching: RHP Denny Griffin
Batting: RHB Mark Gibson 0-0: Called Strike
0-1: Ball
1-1: Ball
2-1: Ball
3-1: Fly out, F9 (Flyball, 89M)
Batting: RHB Juan Ventura 0-0: Called Strike
0-1: Ball
1-1: Foul Ball, location: 2F
1-2: Ball
2-2: Ball
3-2: Base on Balls
Batting: RHB Doug Hunt 0-0: SINGLE (Flyball, 8RS)
Juan Ventura to second
Batting: LHB John Eardley 0-0: Called Strike
0-1: Grounds into double play, 1-4-3 (Groundball, 15S)
Bottom of the 9th over - 0 run(s), 1 hit(s), 0 error(s), 1 left on base; Iowa 2 - Virginia Tech 2
TOP OF THE 10TH
Iowa Hawkeyes batting - Pitching for Virginia Tech Hokies : LHP John Judson
Batting: RHB Tad Greene 0-0: Ball
1-0: SOLO HOME RUN (Flyball, 9D), Distance : 342 ft
Batting: RHB Kelsey Scott 0-0: Swinging Strike
0-1: Ball
1-1: Ball
2-1: Ball
3-1: Foul Ball, location: 2F
3-2: Ground out 6-3 (Groundball, 6)
Batting: RHB Rob Byrd 0-0: Swinging Strike
0-1: Ball
1-1: Ground out 4-3 (Groundball, 4)
Batting: RHB Alexander Barr 0-0: Ball
1-0: Called Strike
1-1: Ball
2-1: Foul Ball, location: 2F
2-2: Ball
3-2: Strikes out swinging
Top of the 10th over - 1 run(s), 1 hit(s), 0 error(s), 0 left on base; Iowa 3 - Virginia Tech 2
BOTTOM OF THE 10TH
Virginia Tech Hokies batting - Pitching for Iowa Hawkeyes : RHP Denny Griffin
Batting: RHB Kenny Pruitt 0-0: TRIPLE (Flyball, 9LS)
Batting: LHB Juan Carlos Manuel 0-0: Foul Ball, location: 2F
0-1: Ball
1-1: Called Strike
1-2: Foul Ball, location: 2F
1-2: Foul Ball, location: 2F
1-2: Ball
2-2: Ball
3-2: Base on Balls
Batting: RHB José Dávila 0-0: Ball
1-0: Ball
2-0: Ball
3-0: Called Strike
3-1: Base on Balls
Juan Carlos Manuel to second
Batting: RHB George Martin 0-0: Called Strike
0-1: Ball
1-1: Swinging Strike
1-2: Strikes out swinging
Batting: LHB Nick Moss 0-0: Called Strike
0-1: Grounds into fielders choice 4-2 (Groundball, 34)
Juan Carlos Manuel to third
José Dávila to second
Batting: RHB Mark Gibson 0-0: Ball
1-0: Foul Ball, location: 2F
1-1: Ball
2-1: Ball
3-1: SINGLE (Groundball, 4MD)
Juan Carlos Manuel scores
José Dávila to third
Nick Moss to second
Runner from 3rd tries for Home, SAFE, throw made home
This league is powered by Out of the Park Baseball, the baseball management simulation game for PC, Mac and Linux
Tuesday, August 2nd, 2016 - OOTP Baseball 16.8 Build 38